 Dungeon Crawl Stone Soup version 0.22.1-1-ga44c0e5 (webtiles) character file.

37 Monsterracer the Stinger (level 3, 0/24 HPs)
             Began as a Demonspawn Venom Mage on Oct 9, 2018.
             Slain by a wight
             ... wielding a +1 great sword
              (13 damage)
             ... on level 2 of the Dungeon.
             The game lasted 00:04:23 (2051 turns).

Monsterracer the Stinger (Demonspawn Venom Mage)    Turns: 2051, Time: 00:04:24

Health: 0/24       AC:  6    Str:  8    XL:     3   Next: 21%
Magic:  6/6        EV: 12    Int: 17    God:
Gold:   152        SH:  0    Dex: 13    Spells: 0/6 levels left

rFire    . . .     SeeInvis .   f - +0 dagger
rCold    . . .     Gourm    .   (no shield)
rNeg     . . .     Faith    .   a - +0 robe
rPois    .         Spirit   .   (no helmet)
rElec    .         Reflect  .   (no cloak)
rCorr    .         Harm     .   d - +2 pair of gloves
MR       .....                  (no boots)
Stlth    ++........             (no amulet)
HPRegen  0.08/turn              (no ring)
MPRegen  0.10/turn              (no ring)

@: no status effects
A: rugged brown scales 1
a: no special abilities


You were on level 2 of the Dungeon.
You were not hungry.

You visited 1 branch of the dungeon, and saw 2 of its levels.

You collected 152 gold pieces.

Inventory:

Hand Weapons
 f - a +0 dagger (weapon)
Armour
 a - a +0 robe (worn)
 d - a +2 pair of gloves (worn)
Scrolls
 b - a scroll of teleportation {unknown}
 e - a scroll of enchant weapon {unknown}
 i - 3 scrolls of identify {unknown}
 j - a scroll of immolation {unknown}
 k - a scroll of amnesia {unknown}
 l - a scroll of magic mapping {unknown}
Potions
 g - 2 potions of curing {unknown}
 h - a potion of agility {unknown}
Comestibles
 c - 3 rations
 m - 3 chunks of flesh


   Skills:
 - Level 1.7 Dodging
 - Level 1.7 Stealth
 + Level 2.4 Spellcasting
 * Level 2.3 Conjurations
 + Level 3.3 Poison Magic


You couldn't memorise any spells.
You knew the following spells:

 Your Spells              Type           Power        Failure   Level  Hunger
a - Poisonous Vapours     Pois/Air       #.....       14%         2    ##.....
b - Sting                 Conj/Pois      ##..         6%          1    #......
c - Mephitic Cloud        Conj/Pois/Air  #.......     26%         3    ###....

Your spell library contained the following spells:

 Spells                   Type           Power        Failure   Level  Hunger
 Olgreb's Toxic Radiance  Pois           ##......     43%         4    #####..
 Venom Bolt               Conj/Pois      ##........   85%         5    ######.


Dungeon Overview and Level Annotations

Branches:
Dungeon (2/15)

Altars:

Annotations:
D:1 exclusion: ooze


Innate Abilities, Weirdness & Mutations

You are partially covered in rugged brown scales. (AC +1, +3% HP)


Message History

Confirm with . or Enter, or press ? or * to list all spells.
You can't see any susceptible monsters within range! (Use Z to cast anyway.) Unknown command.
A bat comes into view.
A bat is nearby!
A bat is nearby!
A bat is nearby!
Unknown command.
Unknown command.
Casting: Sting (safe; 6% risk of failure)
Confirm with . or Enter, or press ? or * to list all spells.
Aiming: Poisonous Vapours (safe; 14% risk of failure)
Press: ? - help, Dir - move target cursor, f - bat
Aim: a bat Poisonous vapours surround the bat!
The bat is poisoned.
The bat barely misses you.
You now have 3/6 mp.
You hit the bat but do no damage. The bat closely misses you.
You closely miss the bat. The bat hits you but does no damage.
The bat hits you but does no damage. The bat closely misses you.
You closely miss the bat.
The bat is moderately wounded.
The bat hits you but does no damage. x2
A bat is nearby!
A bat is nearby!
You hit the bat but do no damage.
The bat is moderately wounded.
The bat hits you but does no damage.
A bat is nearby!
You hit the bat but do no damage.
The bat is severely wounded.
The bat closely misses you. x2
A bat is nearby!
You hit the bat.
You kill the bat!
A frilled lizard comes into view.
No target in view!
No target in view!
The frilled lizard is too close now for your liking.
A frilled lizard is nearby!
A frilled lizard is nearby!
A frilled lizard is nearby!
A frilled lizard is nearby!
Casting: Poisonous Vapours (safe; 14% risk of failure)
Confirm with . or Enter, or press ? or * to list all spells.
Aiming: Sting (safe; 6% risk of failure)
Press: ? - help, Shift-Dir - straight line, f - frilled lizard
Aim: a frilled lizard (hasn't noticed you)
The sting misses the frilled lizard.
The frilled lizard hisses angrily.
You now have 4/6 mp.
Casting: Sting (safe; 6% risk of failure)
Confirm with . or Enter, or press ? or * to list all spells.
Aiming: Sting (safe; 6% risk of failure)
Press: ? - help, Shift-Dir - straight line, f/p - frilled lizard
Aim: a frilled lizard The sting hits the frilled lizard.
The frilled lizard is poisoned.
You kill the frilled lizard!
You are feeling very hungry.
You now have 3/6 mp.
You butcher the hobgoblin corpse.
m - 4 chunks of flesh Eating one of 4 chunks of flesh.
You eat one of the 4 chunks of flesh.
This raw flesh tastes terrible.
A wight comes into view.
It is wielding an enchanted great sword.
MP restored: 6 A wight is nearby!
Welcome back, Monsterracer the Demonspawn Venom Mage.
Press ? for a list of commands and other information.
Cast which spell? (? or * to list)
Okay, then.
The wight is too close now for your liking.
Cast which spell? (? or * to list)
Okay, then.
Okay, then.
Okay, then.
The wight hits you with an enchanted great sword.
You take 6 damage, and have 18/24 hp.
MASSIVE DAMAGE!!
You hit the wight.
The wight is lightly damaged.
The wight misses you.
You closely miss the wight.
The wight is lightly damaged.
You hit the wight but do no damage.
The wight is lightly damaged.
The wight completely misses you.
You closely miss the wight.
The wight is lightly damaged.
The wight hits you with an enchanted great sword.
You take 6 damage, and have 13/24 hp.
MASSIVE DAMAGE!!
You hit the wight but do no damage.
The wight is lightly damaged.
The wight misses you.
You hit the wight but do no damage.
The wight is lightly damaged.
You hit the wight but do no damage.
The wight is lightly damaged.
The wight hits you with an enchanted great sword!
Ouch! That really hurt!
You die...

#.......#.#.....
#.........#......
#....##.#.......
#<...##.#.#......
#.........#......
#.....#....#.##..
#.....#....#.# .#
.............# .#
#####.##.#@### .#
######.##.#z####.###...
#..............z.....#
#.####.#...............
#.#.##.#...######.
#.#.##.##### #.#.##.#
..#.#### ###.#


You could see a wight.

Vanquished Creatures
  An adder (D:2)
  A dart slug (D:1)
  5 bats
  3 giant cockroaches (D:1)
  2 goblins (D:1)
  4 hobgoblins
  4 jackals (D:1)
  A kobold (D:1)
  A frilled lizard (D:2)
22 creatures vanquished.

Notes
Turn   | Place    | Note
-------+----------+-------------------------------------------
     0 | D:1      | Monsterracer the Demonspawn Venom Mage began the quest for
                  | the Orb.
     0 | D:1      | Reached XP level 1. HP: 13/13 MP: 3/3
   306 | D:1      | HP: 5/13 [jackal (3)]
   565 | D:1      | Gained mutation: You are partially covered in rugged brown
                  | scales. (AC +1, +3% HP) [demonic ancestry]
   565 | D:1      | Reached XP level 2. HP: 13/19 MP: 1/5
   595 | D:1      | Learned a level 2 spell: Poisonous Vapours
  1813 | D:2      | Reached XP level 3. HP: 18/24 MP: 0/6
  1818 | D:2      | Learned a level 3 spell: Mephitic Cloud
  2051 | D:2      | Slain by a wight

Skill      XL: |  1  2 |
---------------+-------+-----
Conjurations   | 2 |  2.3
Dodging        | |  1.7
Stealth        | |  1.7
Spellcasting   | |  2.4
Poison Magic   | |  3.3

Action                   || total
-------------------------++-------
Melee: Unarmed           ||    18
       Dagger            ||    19
 Cast: Sting             ||    50
       Poisonous Vapours ||     2
  Eat: Chunk             ||     4
Armor: Robe              ||    27
Dodge: Dodged            ||    47

Vault maps used:
D:1:      evilmike_arrival_rings, corexii_item_surrounded_by_moat,
          serial_park_tiny_pond
D:2:      uniq_jessica
